 Dungeon Crawl Stone Soup version 0.29.0-4-gdea44cf6ec (webtiles) character file.

Game seed: 1696299568793554447

64 qw the Chopper (level 4, -1/28 HPs)
             Began as a Gargoyle Fighter on Sept 9, 2022.
             Killed from afar by an orc wizard (6 damage)
             ... with a puff of flame
             ... on level 3 of the Dungeon.
             The game lasted 00:00:42 (1383 turns).

qw the Chopper (Gargoyle Fighter)                   Turns: 1383, Time: 00:00:42

Health: -1/28      AC: 13    Str: 21    XL:     4   Next: 12%
Magic:  4/4        EV: 11    Int:  9    God:
Gold:   58         SH:  4    Dex:  9    Spells: 3/3 levels left

rFire   . . .      SeeInvis .   Y - +3 war axe
rCold   . . .      Faith    .   c - +0 buckler
rNeg    + . .      Spirit   .   f - +0 chain mail
rPois   inf        Reflect  .   (no helmet)
rElec   +          Harm     .   (no cloak)
rCorr   .          Rampage  .   (no gloves)
Will    .....                   h - +0 pair of boots
Stlth   ..........              (no amulet)
HPRegen 0.09/turn               k - +4 ring of evasion
MPRegen 0.09/turn               (no ring)

@: about to teleport
A: sickness immunity, AC +3, negative energy resistance 1, electricity
resistance, torment resistance 1, petrification resistance
a: no special abilities


You were on level 3 of the Dungeon.
You visited 1 branch of the dungeon, and saw 3 of its levels.

You collected 170 gold pieces.
You spent 112 gold pieces at shops.


Innate Abilities, Weirdness & Mutations

You are immune to sickness and miasma.
Your stone body is resilient. (AC +3)
You are immune to poison.
You resist negative energy. (rN+)
You are resistant to electric shocks. (rElec)
You are resistant to unholy torment.
You are immune to petrification.


   Skills:
 - Level 3.2 Fighting
 + Level 3.9 Axes
 - Level 3.2 Armour
 - Level 3.2 Shields


You had 3 spell levels left.
You didn't know any spells.
Your spell library was empty.

Inventory:

Hand Weapons
 e - a +2 mace of draining
 Y - a +3 war axe (weapon)
Armour
 c - a +0 buckler (worn)
 f - a +0 chain mail (worn)
 h - a +0 pair of boots (worn)
Jewellery
 k - a +4 ring of evasion (left hand)
Scrolls
 a - 4 scrolls of identify
 b - a scroll of butterflies {unknown}
 g - a scroll of fear {unknown}
Potions
 d - a potion of might

Dungeon Overview and Level Annotations

Branches:
Dungeon (3/15)

Altars:

Shops:
D:2 [


Message History

You are confused.
The orc wizard attacks as you move away!
The orc wizard hits you with a +0 dagger.
The orc wizard casts a spell at you. The magic dart hits you!
You bump into the rock wall.
You bump into the rock wall.
The orc wizard mumbles some strange words.
The orc wizard flickers and vanishes!
Deactivating autopickup; reactivate with Ctrl-A.
You closely miss something.
You feel less confused. The orc barely misses you.
You block something's attack.
The orc hits you from afar with a +0 trident.
An orc priest comes into view. It is wielding a +0 dagger.
The orc priest shouts!
Something hits you but does no damage. The orc closely misses you.
The orc hits you but does no damage. The worm closely misses you.
You slice the orc!!
You kill the orc!
You miss something. You barely miss the worm.
The orc hits you but does no damage. Something hits you but does no damage.
You barely miss the orc. You hit the worm. You miss something.
The orc completely misses you. The orc misses you.
Something hits you but does no damage. The worm bites you.
1382 ||| READING scroll of teleportation.
As you read the scroll of teleportation, it crumbles to dust.
You feel strangely unstable.
The orc priest looks satisfied for a moment.
The orc hits you but does no damage. x2; Something hits you.
The worm closely misses you.
You hit the orc.
The orc is moderately wounded.
You hit the worm. You miss something.
The orc hits you but does no damage. x2; Something hits you but does no damage.
The orc closely misses you.
You hear some strange, mumbled words.
A puff of flame appears from out of thin air!
The puff of flame hits you.
You die...

.[.. ##.### # ##..
..## #.... #. #.. ..#
#.### #. #.# #.# #.#
#.###.## #.#####.#
###..)... #.......#
##.....#o#####..######
#.....o#{##.....#
..>...ow@.......##
##....#<###.>.###
#..........#.#
...#.##.###...# #....
#.# #...# #... ..#
#...# ... ### #...#
#...# #...#


You could see a worm, an orc priest and 2 orcs.

Vanquished Creatures
  2 adders
  A worm (D:2)
  2 dart slugs
  6 orcs (D:3)
  2 endoplasms
  2 giant cockroaches (D:1)
  2 goblins
  4 hobgoblins
  3 kobolds (D:1)
  5 ball pythons
  2 bats (D:1)
  2 rats
33 creatures vanquished.

Notes
Turn   | Place    | Note
-------+----------+-------------------------------------------
     0 | D:1      | qw the Gargoyle Fighter began the quest for the Orb.
     0 | D:1      | Reached XP level 1. HP: 14/14 MP: 1/1
     0 | D:1      | 0 ||| qw: Version: 0.1-a-113-g051387a
     0 | D:1      | 0 ||| qw: Game counter: 7276
     0 | D:1      | 0 ||| qw: Always use a shield: true
     0 | D:1      | 0 ||| qw: God list: Okawaru
     0 | D:1      | 0 ||| qw: Allow faded altars: false
     0 | D:1      | 0 ||| qw: Do Orc after D:15 true
     0 | D:1      | 0 ||| qw: Do second Lair branch before Depths: true
     0 | D:1      | 0 ||| qw: Lair rune preference: random
     0 | D:1      | 0 ||| qw: Plans: Normal, Zot, God:TSO, Crypt, Tomb, Zig,
                  | Orb
     0 | D:1      | 0 ||| PLANNING D:1-11
   105 | D:1      | Reached XP level 2. HP: 19/19 MP: 2/2
   311 | D:1      | 311 ||| Stepping ~*~*~tactically~*~*~ (stealth).
   348 | D:1      | Found a faded altar of an unknown god.
   639 | D:1      | 639 ||| UPGRADING to +4 ring of evasion.
   640 | D:1      | 640 ||| READING 5 scrolls labelled PUACSU NETORCH.
   641 | D:1      | 641 ||| READING scroll labelled ZIAKKA QEME.
   642 | D:1      | 642 ||| READING scroll labelled HIUNEC HYOGEUFF.
   685 | D:1      | 685 ||| READING scroll labelled RIQOXU NAUQUHU.
   686 | D:1      | 686 ||| READING 2 scrolls labelled PIORINT CIOCKI.
   696 | D:2      | Found Lanadur's Antique Armour Shoppe.
   699 | D:2      | 699 ||| Stepping ~*~*~tactically~*~*~ (hiding).
   704 | D:2      | 704 ||| Stepping ~*~*~tactically~*~*~ (hiding).
   712 | D:2      | Reached skill level 3 in Axes
   814 | D:2      | 814 ||| DROPPING +0 whip.
   823 | D:2      | Reached XP level 3. HP: 23/23 MP: 3/3
   858 | D:2      | 858 ||| BUYING chain mail (112 gold).
   858 | D:2      | Bought a chain mail for 112 gold pieces
   858 | D:2      | 858 ||| SHOPLISTING heavily runed scale mail (225 gold,
                  | have 3).
   858 | D:2      | 858 ||| SHOPLISTING runed orb (300 gold, have 3).
   858 | D:2      | 858 ||| SHOPLISTING runed scarf (200 gold, have 3).
   865 | D:2      | 865 ||| READING scroll of enchant weapon.
   865 | D:2      | 865 ||| ENCHANTING +1 war axe.
   875 | D:2      | 875 ||| READING scroll of enchant weapon.
   875 | D:2      | 875 ||| ENCHANTING +2 war axe.
  1220 | D:2      | 1220 ||| UPGRADING to +0 chain mail.
  1230 | D:2      | 1230 ||| DROPPING +0 scale mail.
  1231 | D:2      | 1231 ||| UPGRADING to +0 pair of boots.
  1236 | D:2      | 1236 ||| READING 5 scrolls of identify.
  1236 | D:2      | 1236 ||| IDENTIFYING smoky inky potion
  1237 | D:2      | 1237 ||| DROPPING potion of ambrosia.
  1271 | D:3      | 1271 ||| Stepping ~*~*~tactically~*~*~ (stealth).
  1362 | D:3      | Reached XP level 4. HP: 28/28 MP: 4/4
  1381 | D:3      | HP: 7/28 [worm (4)]
  1382 | D:3      | 1382 ||| READING scroll of teleportation.
  1383 | D:3      | Killed from afar by an orc wizard

Levels and vault maps discovered:
D:1:      roderic_octagonal_star, layout_basic,
          hellmonk_ecumenical_altar_lost_god
D:2:      layout_rooms, serial_shops, nicolae_shop_advertising_works
          [nicolae_subvault_shop_adworks]
D:3:      layout_loops_cross, nicolae_ru_awakened_eye,
          gammafunk_ghost_necromancy

Skill      XL: |  1  2 |
---------------+-------+-----
Axes           | 2 3 |  3.9
Fighting       | |  3.2
Armour         | |  3.2
Shields        | |  3.2

Action                   |  1- 3 |  4- 6 || total
-------------------------+-------+-------++-------
Melee: War axe           |    85 |     4 ||    89
  Use: Scroll            |     8 |     1 ||     9
Armor: Scale mail        |    23 |       ||    23
       Chain mail        |     6 |    10 ||    16
Dodge: Dodged            |    48 |     8 ||    56
Block: Buckler           |     9 |     1 ||    10

Table legend:
 A = Non-vault XP
 B = Vault XP
 C = Vault XP percentage of total XP
 D = Non-vault monster count
 E = Vault monster count
 F = Vault count percentage of total count
                 A         B        C        D         E       F
            +---------+---------+-------+---------+---------+-------
      Total |      92 |       0 |   0.0 |      33 |       0 |   0.0
            +---------+---------+-------+---------+---------+-------
        D:1 |      28 |       0 |   0.0 |      16 |       0 |   0.0
        D:2 |      32 |       0 |   0.0 |      10 |       0 |   0.0
        D:3 |      32 |       0 |   0.0 |       7 |       0 |   0.0
            +---------+---------+-------+---------+---------+-------
